 Dungeon Crawl Stone Soup version 0.19.5 (webtiles) character file.

213 equalderp2856 the Shield-Bearer (level 5, -1/41 HPs)
             Began as a Mummy Fighter on Mar 31, 2017.
             Slain by a mummy (8 damage)
             ... in an ossuary.
             The game lasted 00:10:39 (3339 turns).

equalderp2856 the Shield-Bearer (Mummy Fighter)     Turns: 3339, Time: 00:10:40

Health: -1/41      AC:  6    Str: 20    XL:     5   Next: 59%
Magic:  5/5        EV:  7    Int:  8    God:
Gold:   97         SH:  9    Dex: 11    Spells: 0 memorised, 4 levels left

rFire  x . .     SeeInvis .     a - +0 long sword
rCold  + . .     Gourm    .     b - +0 scale mail
rNeg   + + +     Faith    .     c - +0 shield
rPois  ∞         Spirit   .     (no helmet)
rElec  .         Reflect  .     (no cloak)
rCorr  .         Harm     .     (no gloves)
MR     .....                    (no boots)
Stlth  ..........               (no amulet)
                                (no ring)
                                (no ring)

@: no status effects
A: no food or potions, fire vulnerability, cold resistance 1, negative energy
resistance 3, torment resistance, unbreathing
a: no special abilities


You were in an ossuary.
You were not hungry.

You visited 1 branch of the dungeon, and saw 4 of its levels.
You also visited: Ossuary.

You collected 97 gold pieces.

Inventory:

Hand Weapons
 a - a +0 long sword (weapon)
Missiles
 h - 24 poisoned needles
 j - 77 arrows
 l - 33 sling bullets
Armour
 b - a +0 scale mail (worn)
 c - a +0 shield (worn)
 e - a +1 helmet
Jewellery
 i - an uncursed amulet of regeneration {unknown}
Wands
 g - a wand of teleportation (2/9)
Scrolls
 d - 3 scrolls of identify
 f - 2 scrolls of magic mapping


   Skills:
 + Level 3.4 Fighting
 + Level 3.1 Long Blades
 + Level 3.1 Armour
 + Level 0.8 Dodging
 + Level 3.5 Shields


You had 4 spell levels left.
You didn't know any spells.

Dungeon Overview and Level Annotations

Branches:
Dungeon (4/15)
 Temple: D:4-7

Altars:
Cheibriados
Hepliaklqana
Qazlal
Vehumet
Zin

Shops:
D:4 *%

Annotations:
D:3 Natasha, Robin
D:4 PubliusNaso's ghost, amateur HEAM


Innate Abilities, Weirdness & Mutations

You do not eat or drink.
Your flesh is vulnerable to fire.
You are immune to poison.
Your flesh is cold resistant. (rC+)
You are immune to negative energy. (rN+++)
You are immune to unholy pain and torment.
You can survive without breathing.


Message History

Really walk into that needle trap?
You avoid triggering a needle trap.
There is a needle trap here.
There is an open door here.
You start resting.
Really walk into that needle trap?
Okay, then.
A poisoned needle hits the mummy, but does no damage!
A poisoned needle hits the mummy! x2
Really walk into that needle trap?
You avoid triggering a needle trap.
A poisoned needle hits the mummy!
There is a needle trap here.
Really walk into that needle trap?
You avoid triggering a needle trap.
A poisoned needle hits the mummy, but does no damage!
There is a needle trap here.
Really walk into that needle trap?
A poisoned needle shoots out and hits you!
The mummy hits you but does no damage. The mummy hits you!
You die...

#...#!!!?#...#..∩#
'.∩.+!)[!#.∩.'.^^#
#...#?!!!#...#..^#
# ##### #####^^^#
# #..^# # #'### #
#.^.# # #^M^# #
#.M@# # #^^^# #
##'## # #...# #
#...# # #...# #
#...#
###############'##
#...'..^^#...#M^.#


You could see 2 mummies.

Vanquished Creatures
  3 big kobold zombies (Ossuary)
  3 gnolls
  5 adders
  2 adder zombies (Ossuary)
  An adder skeleton (D:4)
  4 dart slugs
  3 leopard geckos
  2 giant cockroaches
  3 gnoll zombies (Ossuary)
  9 goblins
  A hobgoblin (D:1)
  4 jackals (D:2)
  4 kobolds
  A quokka (D:4)
  7 bats
  2 frilled lizards (D:1)
  7 hobgoblin zombies (Ossuary)
  3 kobold zombies (Ossuary)
  A leopard gecko skeleton (D:4)
  7 orc zombies (Ossuary)
  4 rats
76 creatures vanquished.

Notes
Turn   | Place    | Note
-------+----------+-------------------------------------------
     0 | D:1      | equalderp2856 the Mummy Fighter began the quest for the Orb.
     0 | D:1      | Reached XP level 1. HP: 18/18 MP: 1/1
    63 | D:1      | Reached XP level 2. HP: 23/24 MP: 2/2
   646 | D:1      | Reached XP level 3. HP: 29/29 MP: 3/3
   761 | D:1      | You fall through a shaft!
  1179 | D:2      | Found a radiant altar of Vehumet.
  1268 | D:2      | Reached XP level 4. HP: 35/35 MP: 4/4
  1720 | D:3      | Noticed Robin
  1764 | D:3      | Found a snail-covered altar of Cheibriados.
  1804 | D:3      | Noticed Natasha
  2204 | D:4      | Found a glowing silver altar of Zin.
  2211 | D:4      | Found a stormy altar of Qazlal.
  2221 | D:4      | Found a hazy altar of Hepliaklqana.
  2274 | D:4      | Reached XP level 5. HP: 41/41 MP: 5/5
  2285 | D:4      | Noticed PubliusNaso's ghost (amateur HEAM)
  2304 | D:4      | Found Ehad's Assorted Antiques.
  2390 | D:4      | Found Hostraoc's Food Boutique.
  2494 | D:4      | Found a sand-covered staircase.
  2502 | Ossuary  | Entered an ossuary
  3339 | Ossuary  | Slain by a mummy

Skill      XL: |  1  2  3  4  5 |
---------------+----------------+-----
Shields        | 3 |  3.5
Long Blades    | 2 3 |  3.1
Armour         | 3 |  3.1
Fighting       | |  3.4
Dodging        | |  0.8

Action                   |  1- 3 |  4- 6 || total
-------------------------+-------+-------++-------
Melee: Long sword        |   125 |   223 ||   348
  Use: Scroll            |       |     5 ||     5
Armor: Scale mail        |    65 |   109 ||   174
Dodge: Dodged            |    50 |    83 ||   133
Block: Shield            |    69 |   154 ||   223
       Rpst.: Long sword |    15 |    19 ||    34
